 Dungeon Crawl Stone Soup version 0.22-a0-135-g6f012ad (webtiles) character file.

586665 Lathuz the Conqueror (level 27, -56/199 HPs)
             Began as a Gargoyle Fighter on Jan 31, 2018.
             Was the Champion of Okawaru.
             Killed from afar by an ancient lich (68 damage)
             ... with an iron shot
             ... on level 5 of the Realm of Zot on Feb 1, 2018.
             The game lasted 03:20:15 (67986 turns).

Lathuz the Conqueror (Gargoyle Fighter)            Turns: 67986, Time: 03:20:15

Health: -56/199    AC: 67    Str: 36    XL:     27
Magic:  0/29       EV: 19    Int: 13    God:    Okawaru [******]
Gold:   5076       SH: 36    Dex: 19    Spells: 26/26 levels left

rFire    + + .     SeeInvis .   a - +9 demon whip (elec)
rCold    + . .     Gourm    .   N - +2 large shield {AC+3}
rNeg     + . .     Faith    .   J - +5 crystal plate armour "Paeluorch" {rPois Str+3 Int+6}
rPois    ∞         Spirit   +   S - +1 hat {MR+}
rElec    +         Reflect  +   D - scarf {Spirit}
rCorr    .         Harm     .   U - +0 pair of gloves {archery}
MR       +++++     Rnd*Tele +   n - +2 pair of boots {run}
Stlth    ..........             O - +5 amulet of reflection
HPRegen  0.43/turn              G - ring of the Magpie {MR+ Str+9 Slay+5 Stlth-}
MPRegen  0.21/turn              W - ring "Moel" {rF++ rC+ MR+ Int-4 Dex+3}

@: about to teleport, heroism, flying, quick
A: big wings, negative energy resistance 1, screaming 1, electricity resistance,
teleportitis 1, unbreathing, petrification resistance, no potion heal 1, rot
immunity, AC +20
}: 3/15 runes: decaying, serpentine, silver
a: Stop Flying, Heroism, Finesse, Renounce Religion


You were on level 5 of the Realm of Zot.
You worshipped Okawaru.
Okawaru was exalted by your worship.
You were not hungry.

You visited 9 branches of the dungeon, and saw 47 of its levels.
You visited the Abyss 1 time.
You visited 1 bazaar.

You collected 6669 gold pieces.
You spent 1593 gold pieces at shops.

Inventory:

Hand Weapons
 a - a +9 demon whip of electrocution (weapon)
Missiles
 k - 820 stones (quivered)
Armour
 i - a +1 cloak of poison resistance
 n - a +2 pair of boots of running (worn)
 z - a scarf of cloud immunity
 D - a scarf of spirit shield (worn)
 J - the +5 crystal plate armour "Paeluorch" (worn) {rPois Str+3 Int+6}
   (Okawaru gifted it to you on level 3 of the Vaults)

   It affects your strength (+3).
   It affects your intelligence (+6).
   It protects you from poison.
 N - a +2 large shield of protection (worn)
 S - a +1 hat of magic resistance (worn)
 U - a +0 pair of gloves of archery (worn)
Jewellery
 c - an uncursed ring of positive energy
 e - a +5 ring of intelligence
 j - the ring "Oloul" {rF+ Slay+5}
   (You bought it in a shop on level 8 of the Dungeon)

   [ring of slaying]

   It affects your accuracy and damage with ranged weapons and melee attacks
   (+5).
   It protects you from fire.
 m - a +4 ring of dexterity
 y - an uncursed ring of resist corrosion
 G - the ring of the Magpie (left hand) {MR+ Str+9 Slay+5 Stlth-}
   (You found it on level 2 of the Depths)

   [ring of protection from magic]

   It affects your strength (+9).
   It affects your accuracy and damage with ranged weapons and melee attacks
   (+5).
   It affects your resistance to hostile enchantments.
   It makes you less stealthy.
 H - a cursed ring of loudness {unknown}
 M - an uncursed ring of ice
 O - a +5 amulet of reflection (around neck)
 W - the ring "Moel" (right hand) {rF++ rC+ MR+ Int-4 Dex+3}
   (You found it on level 6 of the Lair of Beasts)

   [ring of protection from cold]

   It affects your intelligence (-4).
   It affects your dexterity (+3).
   It greatly protects you from fire.
   It protects you from cold.
   It affects your resistance to hostile enchantments.
Wands
 g - a wand of acid (10)
 A - a wand of polymorph (81)
 P - a wand of enslavement (42)
 Q - a wand of paralysis (8)
 R - a wand of digging (6)
 Y - a wand of iceblast (9)
Scrolls
 b - a scroll of magic mapping
 h - 4 scrolls of teleportation
 o - 6 scrolls of blinking
 p - 10 scrolls of fear
 s - 10 scrolls of enchant weapon
 u - 2 scrolls of identify
 v - 6 scrolls of amnesia
 w - 20 scrolls of remove curse
 E - a scroll of enchant armour
 F - 2 scrolls of silence
 Z - a scroll of fog
Potions
 d - 6 potions of might
 q - 19 potions of curing
 r - 10 potions of brilliance
 t - 7 potions of ambrosia
 x - 8 potions of agility
 B - 2 potions of resistance
 C - 2 potions of haste
 I - 2 potions of berserk rage
 K - 6 potions of cancellation
 V - 7 potions of magic
 X - 9 potions of invisibility
Books
 T - the Catalogue of the Oath and the Arsonist
   (You found it on level 5 of the Vaults)

   Spells                             Type                      Level
   a - Confusing Touch                Hexes                        1
   b - Inner Flame                    Hexes/Fire                   3
   c - Summon Guardian Golem          Hexes/Summoning              3
   d - Confuse                        Hexes                        3
   e - Discord                        Hexes                        8
Miscellaneous
 L - a phial of floods
Comestibles
 f - 55 rations
 l - 5 chunks of flesh


   Skills:
 O Level 27 Fighting
 - Level 12.1(17.1) Maces & Flails
 + Level 25.2(27) Armour
 + Level 9.7(14.7) Dodging
 + Level 25.4(27) Shields
 - Level 8.0 Invocations


You had 26 spell levels left.
You didn't know any spells.

Dungeon Overview and Level Annotations

Branches:
Dungeon (15/15)            Temple (1/1) D:6            Lair (6/6) D:11
  Swamp (4/4) Lair:2        Snake (4/4) Lair:4        Slime (0/5) Lair:5
    Orc (2/2) D:10            Elf (0/3) Orc:2        Vaults (5/5) D:13
  Crypt (0/3) Vaults:2     Depths (5/5) D:15            Zot (5/5) Depths:5

Altars:
Ashenzari
Cheibriados
Dithmenos
Elyvilon
Fedhas
Gozag
Hepliaklqana
Kikubaaqudgha
Makhleb
Nemelex Xobeh
Okawaru
Qazlal
Ru
Sif Muna
Trog
Uskayaw
Vehumet
Wu Jian
Xom
Yredelemnul
Zin
The Shining One
Beogh

Shops:
D:8 =   D:10 !   D:15 *   Orc:2 *(=[   Snake:2 [   Snake:3 [   Vaults:4 [(

Portals:
Hell: Depths:1 Depths:2 Depths:3 Depths:4 Depths:5
Abyss: Depths:4
Pandemonium: Depths:1 Depths:3
Ziggurat: Depths:3
Trove: D:15 (give 3 potions of resistance)

Annotations:
D:7 4 runed doors
D:8 exclusion: statue
Swamp:1 exclusion: Roxanne, Roxanne
Snake:2 exclusion: oklob plant
Zot:4 2 transporters


Innate Abilities, Weirdness & Mutations

You are resistant to torment.
Your stone body is resilient. (AC +20)
You are immune to poison.
Your large and strong wings let you fly indefinitely.
You resist negative energy. (rN+)
You are resistant to electric shocks. (rElec)
You can survive without breathing.
You are immune to petrification.
You are immune to rotting.
You occasionally shout uncontrollably at your foes.
You are occasionally teleported next to monsters.
Potions are less effective at restoring your health.


Message History

The green draconian scorcher gestures at you while chanting.
The bolt of magma hits you! You partially resist.
* * * LOW HITPOINT WARNING * * *
The storm dragon breathes lightning at you.
The bolt of lightning hits you! You resist.
* * * LOW HITPOINT WARNING * * *
You block the reaper's attack.
The electric golem blinks!
The green draconian scorcher gestures at you while chanting.
The sphere of damnation explodes!
The damnation engulfs you!
* * * LOW HITPOINT WARNING * * *
The electric golem blinks!
A poisoned needle hits the yellow draconian, but does no damage!
You hear some strange, mumbled words.
A shard of ice appears from out of thin air!
The shard of ice hits you! You partially resist.
* * * LOW HITPOINT WARNING * * *
You hear some strange, mumbled words.
An iron shot appears from out of thin air!
The iron shot hits you!
You die...

.............# ##.=.^......
.8......§.....# #..........
..............# ##..........
.....§......^.# #...........
.........q....# ##...........
........d.d...###............
.....8D^d.q..###.(.##########
.....pddD.2.##....##
...q.{.X[X{.@.[.###
...##▓▓▓▓#▓▓▓▓▓▓#


You could see a Killer Klown, an electric golem, a golden dragon, a storm
dragon, a yellow draconian, 3 draconians, a white draconian, a purple draconian
shifter, 2 Orb Guardians, a green draconian scorcher and a reaper.

Vanquished Creatures
  3 orbs of fire
  An ancient lich (Vaults:5)
  the Lernaean hydra (Swamp:4)
  Xtahua (Vaults:4)
  A caustic shrike (Depths:2)
  5 golden dragons
  2 curse toes (Zot:2)
  A Killer Klown (Zot:1)
  Nikola (Snake:4)
  A bone dragon (Depths:5)
  Jorgrun (Snake:2)
  5 liches
  10 tentacled monstrosities
  The ghost of medis the Warrior, an adept OgBe of Trog (Snake:1)
  6 Orb Guardians (Zot:5)
  Asterion (Snake:4)
  8 titans
  3 tentacled starspawn (Abyss:2)
  Gastronok (D:10)
  5 quicksilver dragons
  6 death cobs
  9 sphinxes
  2 thorn hunters (Swamp:4)
  11 storm dragons
  Kirke (Snake:2)
  The ghost of Torious the Devastator, an adept DECj of Sif Muna (Depths:1)
  12 shadow dragons
  Agnes (D:15)
  9 tengu reavers
  Donald (Snake:1)
  7 draconian monks
  10 nagarajas
  13 fire giants
  11 frost giants
  6 draconian knights
  2 ghost moths
  Louise (Depths:4)
  2 orc warlords
  11 draconian scorchers
  18 vault wardens
  3 spriggan defenders
  Aizul (Snake:2)
  5 draconian shifters
  The ghost of kuniqs the Thaumaturge, a journeyman GnSu of Hepliaklqana (D:14)
  A draconian annihilator (Zot:1)
  11 ironheart preservers
  2 draconian stormcallers
  A ghoul (Vaults:3)
  20 stone giants
  A war gargoyle (Vaults:4)
  19 very ugly things
  2 deep elf demonologists
  The ghost of zero the Unseen, a journeyman SpEn of Kikubaaqudgha (D:15)
  3 deep elf annihilators
  9 green draconians
  11 red draconians
  14 purple draconians
  10 yellow draconians
  15 black draconians
  8 spark wasps
  11 white draconians
  11 ettins
  3 deep elf death magi
  A green death (Depths:1)
  8 yaktaur captains
  7 fire dragons
  A mummy priest (Depths:1)
  7 great orbs of eyes
  2 ghost crabs (Swamp:4)
  34 vault guards
  13 naga warriors
  7 ice dragons
  5 spriggan air magi
  6 rakshasas
  4 catoblepae
  19 hydras
  8 deep troll shamans
  4 anacondas
  6 death knights
  3 centaur warriors
  3 dancing weapons
  10 ogre magi
  42 two-headed ogres
  Erica (Orc:1)
  A shock serpent (shapeshifter) (Vaults:4)
  12 alligators
  5 death yaks (Lair:6)
  16 deep troll earth magi
  5 vampire magi
  5 tengu warriors
  5 spriggan berserkers
  A thrashing horror (Abyss:1)
  3 hell hogs (Abyss:3)
  7 hell knights
  21 naga sharpshooters
  Sonja (Lair:2)
  5 shock serpents
  Urug (Orc:2)
  5 orc high priests
  3 deep elf knights
  Nergalle (D:10)
  A storm dragon zombie (D:15)
  2 wretched stars (Abyss:2)
  A titan zombie (D:15)
  2 shadow wraiths
  4 salamander mystics
  4 skeletal warriors
  4 unseen horrors
  A shambling mangrove (Swamp:3)
  A glowing orange brain (shapeshifter) (Vaults:4)
  A spriggan druid (Swamp:4)
  40 deep trolls
  5 glowing orange brains (Depths:3)
  A torturous demonspawn (Depths:1)
  5 flayed ghosts
  3 deep elf archers
  14 swamp dragons
  8 naga ritualists
  4 wizards
  A harpy (shapeshifter) (Depths:1)
  7 necromancers
  5 harpies (Vaults:4)
  5 phantasmal warriors
  14 orc knights
  13 ironbrand convokers
  3 wolf spiders
  An orb spider (shapeshifter) (Vaults:4)
  5 manticores
  53 ugly things
  A tengu skeleton (Vaults:3)
  7 cyclopes
  2 oklob plants (Lair:4)
  22 deep elf magi
  14 mana vipers
  A moth of wrath (shapeshifter) (Depths:5)
  5 orc sorcerers
  Maurice (D:10)
  13 moths of wrath
  14 salamanders
  37 black mambas
  3 human zombies
  2 worldbinders
  3 guardian serpents
  A smoke demon (Depths:1)
  2 black mambas (shapeshifter)
  21 naga magi
  A water nymph (shapeshifter) (Vaults:2)
  18 eyes of devastation (Depths:3)
  2 rust devils (Depths:1)
  A torpor snail (shapeshifter) (Depths:2)
  10 vault sentinels
  26 spiny frogs
  A spriggan zombie (D:15)
  A guardian serpent (shapeshifter) (D:14)
  2 yaktaur zombies
  A gargoyle (D:11)
  An efreet (D:15)
  2 kobold demonologists (Depths:1)
  A rime drake (shapeshifter) (Vaults:2)
  A yaktaur (shapeshifter) (Vaults:3)
  7 freezing wraiths
  35 yaktaurs
  A rime drake (Lair:4)
  2 yaktaur skeletons (Depths:1)
  3 komodo dragons
  4 tengu conjurers
  3 human skeletons
  A queen bee (Depths:2)
  9 trolls
  6 ancient zymes (Abyss:2)
  A tyrant leech (shapeshifter) (Vaults:5)
  A raiju (shapeshifter) (Depths:2)
  Prince Ribbit (D:8)
  A wind drake (shapeshifter) (Vaults:3)
  16 hornets
  A sphinx simulacrum (Depths:1)
  A merfolk (D:13)
  6 tyrant leeches
  An ettin zombie (Depths:1)
  3 polar bears
  28 blink frogs
  16 bog bodies
  5 raiju (Abyss:3)
  A deep troll zombie (D:15)
  14 slime creatures
  7 dream sheep
  9 hippogriffs
  An ice dragon zombie (Depths:1)
  A meliai zombie (D:14)
  10 spriggans
  A spriggan (shapeshifter) (Vaults:3)
  4 shadows
  67 yaks
  A redback (shapeshifter) (D:12)
  15 water elementals
  2 wyverns
  2 ynoxinuls
  A vampire (D:11)
  6 wraiths
  A basilisk (D:15)
  A fire dragon skeleton (Depths:1)
  4 hogs (Snake:2)
  4 hungry ghosts
  2 chaos spawn (Abyss:2)
  A yaktaur simulacrum (Vaults:3)
  25 vampire mosquitoes
  4 large abominations
  A soldier ant (shapeshifter) (D:14)
  18 swamp worms
  45 nagas
  Edmund (D:5)
  9 wargs
  An acid dragon (D:12)
  4 soldier ants
  A hell hound (Abyss:1)
  13 water moccasins
  6 porcupines
  An eye of draining (D:15)
  17 swamp drakes
  6 necrophages
  46 orc warriors
  4 sky beasts
  An eye of draining (shapeshifter) (Vaults:4)
  6 ice beasts
  A phantom (D:5)
  An alligator simulacrum (Abyss:2)
  2 starcursed masses (Abyss:2)
  A black bear (D:11)
  A fire dragon simulacrum (Depths:1)
  14 centaurs
  11 boggarts
  A wolf (shapeshifter) (Vaults:5)
  The ghost of geomchi the Ruffian, an amateur DrTm (D:3)
  26 ogres
  5 wolves (Lair:5)
  A boggart (shapeshifter) (Vaults:5)
  15 crocodiles
  5 big kobolds
  18 bullfrogs
  A water moccasin zombie (D:9)
  6 small abominations
  A scorpion (D:10)
  A wyvern skeleton (D:12)
  24 killer bees
  3 human simulacra
  8 howler monkeys
  8 wights
  5 electric eels
  9 crimson imps
  2 centaur zombies
  2 quasits
  A wyvern simulacrum (D:15)
  2 bullfrog zombies
  An iron imp (Abyss:2)
  8 jellies
  5 hounds
  30 orc wizards
  3 bullfrog skeletons
  4 centaur skeletons
  23 orc priests
  7 iguanas
  10 worker ants
  A killer bee zombie (D:6)
  3 worker ant zombies
  3 gnolls (D:6)
  20 adders
  6 shadow imps
  A white imp (Abyss:3)
  An ufetubus (Abyss:2)
  3 oozes
  An adder skeleton (D:7)
  4 worms
  2 dart slugs
  7 leopard geckos
  120 orcs
  3 giant cockroaches
  5 hobgoblins
  16 jackals
  5 quokkas
  2 ball pythons
  4 bats
  5 frilled lizards
  5 goblins
  41 kobolds
  7 rats
  2 plants
  A starspawn tentacle (Abyss:2)
2119 creatures vanquished.

Vanquished Creatures (others)
  A lich (Vaults:4)
  A fire giant (Depths:1)
  A vault warden (Vaults:5)
  A deep elf annihilator (Depths:2)
  7 yaktaur captains
  A deep elf high priest (Depths:5)
  An ogre mage (Vaults:3)
  2 tengu warriors (Depths:5)
  A deep elf knight (Depths:2)
  A naga sharpshooter (Snake:4)
  A deep troll (Depths:5)
  A swamp dragon (Swamp:4)
  A spriggan druid (Swamp:3)
  2 deep elf archers
  An orc knight (Vaults:5)
  A cyclops (Vaults:2)
  3 naga magi (Snake:4)
  27 yaktaurs
  A blink frog (Swamp:4)
  A spriggan (Swamp:3)
  2 humans (Snake:2)
  A swamp worm (Swamp:3)
  2 nagas (Snake:4)
  An orc warrior (Vaults:5)
  3 boggarts (Depths:1)
  An ogre (Vaults:5)
  2 centaurs (Vaults:1)
  3 orcs
  A bush (Swamp:4)
  14 fungi
  A lurking horror (Abyss:2)
  16 plants
  19 starspawn tentacles
122 creatures vanquished.

Grand Total: 2241 creatures vanquished

Notes
Turn   | Place    | Note
-------+----------+-------------------------------------------
     0 | D:1      | Lathuz the Gargoyle Fighter began the quest for the Orb.
     0 | D:1      | Reached XP level 1. HP: 14/14 MP: 1/1
   269 | D:1      | Reached XP level 2. HP: 19/19 MP: 2/2
   578 | D:1      | Reached XP level 3. HP: 23/24 MP: 3/3
   600 | D:1      | Reached skill level 4 in Fighting
  1524 | D:3      | Reached XP level 4. HP: 29/29 MP: 4/4
  1713 | D:3      | Noticed geomchi's ghost (amateur DrTm)
  1741 | D:3      | Killed geomchi's ghost
  1741 | D:3      | Reached XP level 5. HP: 14/34 MP: 5/5
  2373 | D:3      | Reached XP level 6. HP: 20/40 MP: 6/6
  2873 | D:3      | Reached skill level 5 in Fighting
  3122 | D:4      | Reached skill level 5 in Maces & Flails
  3312 | D:4      | Reached XP level 7. HP: 38/44 MP: 7/7
  3542 | D:5      | Entered Level 5 of the Dungeon
  3573 | D:5      | Reached skill level 5 in Shields
  3987 | D:5      | Found the +3 crown of Dyrovepreva {rElec Int+2 SInv}
  4017 | D:5      | Reached skill level 6 in Fighting
  4024 | D:5      | Reached XP level 8. HP: 50/51 MP: 8/8
  4248 | D:5      | Noticed Edmund
  4265 | D:5      | Killed Edmund
  4551 | D:6      | Found a staircase to the Ecumenical Temple.
  4568 | Temple   | Entered the Ecumenical Temple
  4617 | Temple   | Became a worshipper of Warmaster Okawaru
  4993 | D:6      | Found a bloodstained altar of Trog.
  4995 | D:6      | Found a white marble altar of Elyvilon.
  4995 | D:6      | Found a stormy altar of Qazlal.
  5062 | D:6      | Found a shimmering altar of Xom.
  5062 | D:6      | Found a shattered altar of Ashenzari.
  5062 | D:6      | Found an iron altar of Okawaru.
  5167 | D:6      | Reached skill level 7 in Fighting
  5228 | D:6      | Reached * piety under Okawaru
  5228 | D:6      | Reached XP level 9. HP: 57/57 MP: 9/9
  5853 | D:7      | Found a huge runed gate.
  5854 | D:7      | Found a huge runed gate.
  5855 | D:7      | Found a huge runed gate.
  5856 | D:7      | Found a huge runed gate.
  5856 | D:7      | Noticed a polar bear
  6783 | D:7      | Reached ** piety under Okawaru
  6788 | D:7      | Reached skill level 8 in Fighting
  7122 | D:8      | Noticed a two-headed ogre
  7172 | D:7      | Killed a two-headed ogre
  7172 | D:7      | Reached skill level 10 in Maces & Flails
  7172 | D:7      | Reached XP level 10. HP: 46/65 MP: 4/10
  7550 | D:8      | Noticed Prince Ribbit
  7607 | D:8      | Found Guilacyoq's Jewellery Shop.
  7807 | D:8      | Killed Prince Ribbit
  7886 | D:8      | Found a radiant altar of Vehumet.
  7941 | D:8      | Found a sparkling altar of Nemelex Xobeh.
  7941 | D:8      | Found a faded altar of an unknown god.
  7949 | D:8      | Reached skill level 9 in Fighting
  7955 | D:8      | Found a glowing silver altar of Zin.
  7957 | D:8      | Found a deep blue altar of Sif Muna.
  7959 | D:8      | Found a faded altar of an unknown god.
  8023 | D:8      | Reached *** piety under Okawaru
  8639 | D:9      | Found an ornate altar of the Wu Jian Council.
  9316 | D:9      | Found a stormy altar of Qazlal.
  9367 | D:10     | Entered Level 10 of the Dungeon
  9373 | D:10     | Reached **** piety under Okawaru
  9463 | D:9      | Reached XP level 11. HP: 65/72 MP: 8/11
  9584 | D:10     | Reached skill level 10 in Fighting
  9716 | D:10     | Found Moloar's Distillery.
  9795 | D:10     | Noticed Nergalle
  9822 | D:10     | Killed Nergalle
 10103 | D:10     | Found a staircase to the Orcish Mines.
 10285 | D:10     | Noticed Maurice
 10293 | D:10     | Paralysed by Maurice for 7 turns
 10319 | D:10     | Paralysed by Maurice for 5 turns
 10331 | D:10     | Paralysed by Maurice for 6 turns
 10343 | D:10     | Killed Maurice
 10343 | D:10     | Reached ***** piety under Okawaru
 10343 | D:10     | Reached skill level 10 in Shields
 10480 | D:10     | Noticed Gastronok
 10502 | D:10     | Killed Gastronok
 10502 | D:10     | Reached skill level 5 in Armour
 11329 | D:11     | Found a staircase to the Lair.
 11409 | D:11     | Received a gift from Okawaru
 11903 | D:11     | Reached XP level 12. HP: 77/79 MP: 9/12
 12025 | D:11     | Reached skill level 11 in Fighting
 12562 | Lair:1   | Entered Level 1 of the Lair of Beasts
 12673 | D:11     | Reached ****** piety under Okawaru
 13307 | Lair:2   | Found a staircase to the Swamp.
 13371 | Lair:2   | Noticed Sonja
 13388 | Lair:2   | Killed Sonja
 14241 | Lair:2   | Received a gift from Okawaru
 14241 | Lair:2   | Reached skill level 10 in Armour
 14973 | Lair:3   | Reached skill level 12 in Fighting
 15096 | Lair:3   | Noticed an eight-headed hydra
 15105 | Lair:3   | Killed an eight-headed hydra
 15350 | Lair:3   | Reached XP level 13. HP: 82/86 MP: 10/13
 15955 | Lair:3   | Received a gift from Okawaru
 15960 | Lair:3   | Got an iridescent longbow {god gift}
 16035 | Lair:4   | Found a staircase to the Snake Pit.
 17042 | Lair:5   | Reached skill level 13 in Fighting
 17093 | Lair:5   | Received a gift from Okawaru
 17341 | Lair:5   | Found a radiant altar of Vehumet.
 17453 | Lair:5   | Found a staircase to the Slime Pits.
 17875 | Lair:6   | Entered Level 6 of the Lair of Beasts
 18192 | Lair:6   | Identified Bezil's Easy Hermeneutics
 18356 | Lair:6   | Received a gift from Okawaru
 18356 | Lair:6   | Gained mutation: Your large and strong wings let you fly indefinitely. [Gargoyle growth]
 18356 | Lair:6   | Reached XP level 14. HP: 94/94 MP: 14/14
 18986 | Lair:6   | Reached skill level 14 in Fighting
 19440 | Lair:6   | Got a crude golden ring
 19455 | Lair:6   | Identified the ring "Moel" {rF++ rC+ MR+ Int-4 Dex+3} (You found it on level 6 of the Lair of Beasts)
 21072 | D:12     | Received a gift from Okawaru
 21881 | Orc:1    | Entered Level 1 of the Orcish Mines
 21920 | Orc:1    | Noticed Erica
 21938 | Orc:1    | Killed Erica
 22675 | Orc:1    | Found a bloodstained altar of Trog.
 22940 | Orc:2    | Entered Level 2 of the Orcish Mines
 23176 | Orc:2    | Reached XP level 15. HP: 87/101 MP: 15/15
 23679 | Orc:2    | Reached skill level 15 in Fighting
 23800 | Orc:2    | Reached skill level 1 in Invocations
 23911 | Orc:2    | Noticed an orc warlord
 23911 | Orc:2    | Noticed Urug
 24137 | Orc:2    | Killed an orc warlord
 24137 | Orc:2    | Reached skill level 15 in Shields
 24620 | Orc:2    | Killed Urug
 24620 | Orc:2    | Received a gift from Okawaru
 24727 | Orc:2    | Found a roughly hewn altar of Beogh.
 24858 | Orc:2    | Found Uronkolu's General Store.
 24862 | Orc:2    | Found Upuewanali's Jewellery Boutique.
 24884 | Orc:2    | Found Aqovi's Antique Armour Boutique.
 24888 | Orc:2    | Found Qot Goqo's Antique Weapon Boutique.
 25070 | Orc:2    | Found a staircase to the Elven Halls.
 25453 | D:8      | Bought the ring "Oloul" {rF+ Slay+5} for 1593 gold pieces
 25814 | D:13     | Found a gate to the Vaults.
 25876 | D:13     | Received a gift from Okawaru
 26260 | D:13     | Reached skill level 5 in Invocations
 26610 | D:14     | Noticed kuniqs's ghost (journeyman GnSu)
 26658 | D:14     | Killed kuniqs's ghost
 27015 | D:14     | Identified 2 scrolls of acquirement
 27021 | D:14     | Got a slimy demon whip
 27022 | D:14     | Identified the +1 demon whip of Evolution {freeze, rElec rN+ SInv} (You acquired it on level 14 of the Dungeon)
 27699 | D:15     | Entered Level 15 of the Dungeon
 27722 | D:14     | Received a gift from Okawaru
 27896 | D:15     | Found Eblopha's Pet Rocks.
 28125 | D:15     | Noticed zero's ghost (journeyman SpEn)
 28209 | D:15     | Noticed Agnes
 28222 | D:15     | Killed Agnes
 28286 | D:15     | Killed zero's ghost
 28293 | D:15     | Found a staircase to the Depths.
 28299 | D:15     | Received a gift from Okawaru
 28299 | D:15     | Reached skill level 16 in Fighting
 28300 | D:15     | Got a bone flail {god gift}
 28354 | D:15     | Identified the +3 flail "Zesu" {drain, rPois} (Okawaru gifted it to you on level 15 of the Dungeon)
 28497 | D:15     | Reached XP level 16. HP: 88/110 MP: 17/20
 28734 | D:15     | Found a portal to a secret trove of treasure.
 29336 | Swamp:1  | Entered Level 1 of the Swamp
 29799 | Swamp:1  | Reached skill level 15 in Armour
 29801 | Swamp:1  | Received a gift from Okawaru
 29874 | Swamp:1  | Noticed Roxanne
 31305 | Swamp:2  | Reached skill level 17 in Fighting
 31836 | Swamp:2  | Received a gift from Okawaru
 32967 | Swamp:4  | Entered Level 4 of the Swamp
 33180 | Swamp:4  | Noticed a thorn hunter
 33192 | Swamp:4  | Killed a thorn hunter
 33192 | Swamp:4  | Received a gift from Okawaru
 33192 | Swamp:4  | Reached XP level 17. HP: 112/119 MP: 17/21
 33482 | Swamp:4  | Reached skill level 18 in Fighting
 33511 | Swamp:4  | Noticed the 27-headed Lernaean hydra
 33532 | Swamp:4  | Killed the 27-headed Lernaean hydra
 34188 | Swamp:4  | Got a decaying rune of Zot
 34653 | Snake:1  | Entered Level 1 of the Snake Pit
 34697 | Snake:1  | Received a gift from Okawaru
 34844 | Snake:1  | Found an ornate altar of the Wu Jian Council.
 34929 | Snake:1  | Noticed Donald
 34945 | Snake:1  | Killed Donald
 35237 | Snake:1  | Noticed medis's ghost (adept OgBe)
 35257 | Snake:1  | Killed medis's ghost
 35606 | Snake:2  | Received a gift from Okawaru
 35620 | Snake:1  | Reached skill level 19 in Fighting
 35916 | Snake:2  | Noticed Aizul
 35943 | Snake:2  | Killed Aizul
 35943 | Snake:2  | Received a gift from Okawaru
 35961 | Snake:2  | Noticed Jorgrun
 36143 | Snake:2  | Killed Jorgrun
 36304 | Snake:2  | Reached XP level 18. HP: 123/128 MP: 20/22
 36544 | Snake:2  | Identified the Tome of Quantum Contamination
 36777 | Snake:2  | Found Zeim's Antique Armour Emporium.
 36927 | Snake:2  | Noticed Kirke
 36956 | Snake:2  | Killed Kirke
 37609 | Snake:3  | Found Kuqil's Antique Armour Emporium.
 37990 | Snake:3  | Received a gift from Okawaru
 38196 | Snake:4  | Entered Level 4 of the Snake Pit
 38465 | Snake:4  | Reached skill level 20 in Fighting
 39251 | Snake:4  | Received a gift from Okawaru
 40102 | Snake:4  | Noticed Nikola
 40111 | Snake:4  | Reached XP level 19. HP: 126/136 MP: 21/23
 40141 | Snake:4  | Noticed Asterion
 40317 | Snake:4  | Killed Asterion
 40331 | Snake:4  | Received a gift from Okawaru
 40351 | Snake:4  | Killed Nikola
 40372 | Snake:4  | Reached skill level 21 in Fighting
 40719 | Snake:4  | Got a serpentine rune of Zot
 41476 | Vaults:1 | Entered Level 1 of the Vaults
 41683 | Vaults:1 | Cast into level 1 of the Abyss (orc knight)
 41691 | Abyss:1  | Got a flickering bronze amulet
 41889 | Abyss:1  | Received a gift from Okawaru
 42044 | Abyss:2  | Paralysed by accursed screaming for 1 turns
 42054 | Abyss:2  | Paralysed by accursed screaming for 2 turns
 42620 | Abyss:2  | Noticed an ancient lich
 42759 | Vaults:1 | Escaped the Abyss
 43001 | Vaults:1 | Found a gateway to a bazaar.
 43034 | Bazaar   | Entered a bazaar
 43046 | Bazaar   | Found Lyli's Armour Shop.
 43074 | Bazaar   | Found Joackyskesm's Magic Scroll Shop.
 43105 | Bazaar   | Found Sach's Food Shop.
 43125 | Bazaar   | Found Agarph's Antique Armour Shoppe.
 43134 | Bazaar   | Found Isilal's Antique Weapon Shop.
 44254 | Vaults:2 | Identified the amulet "Weigim" {Harm *Drain rN++ Int+4 Dex-4} (You found it on level 1 of the Abyss)
 44361 | Vaults:2 | Received a gift from Okawaru
 44389 | Vaults:2 | Reached XP level 20. HP: 99/145 MP: 24/24
 44524 | Vaults:2 | Found a snail-covered altar of Cheibriados.
 44666 | Vaults:2 | Reached skill level 22 in Fighting
 45392 | Vaults:2 | Found a staircase to the Crypt.
 46178 | Vaults:3 | Received a gift from Okawaru
 46787 | Vaults:3 | Received a gift from Okawaru
 46814 | Vaults:3 | Got a shimmering crystal plate armour {god gift}
 46825 | Vaults:3 | Identified the +5 crystal plate armour "Paeluorch" {rPois Str+3 Int+6} (Okawaru gifted it to you on level 3 of the Vaults)
 47592 | Vaults:4 | Found Utag's Weapon Shop.
 47620 | Vaults:4 | Reached skill level 23 in Fighting
 47871 | Vaults:4 | Received a gift from Okawaru
 47958 | Vaults:4 | Reached XP level 21. HP: 108/153 MP: 22/25
 48201 | Vaults:4 | Noticed Xtahua
 48224 | Vaults:4 | Killed Xtahua
 48663 | Vaults:4 | Received a gift from Okawaru
 49142 | Vaults:4 | Received a gift from Okawaru
 49159 | Vaults:4 | Reached skill level 24 in Fighting
 49245 | Vaults:4 | Found Peogiuli's Antique Armour Boutique.
 49847 | Depths:1 | Entered Level 1 of the Depths
 50213 | Depths:1 | Noticed Torious's ghost (adept DECj)
 50238 | Depths:1 | Killed Torious's ghost
 50521 | Depths:1 | Reached XP level 22. HP: 98/162 MP: 16/26
 50771 | Depths:1 | Found a gateway to Hell.
 51064 | Depths:1 | Received a gift from Okawaru
 51302 | Depths:1 | Found a one-way gate leading to the halls of Pandemonium.
 51502 | Depths:1 | Got a pair of jewelled gloves
 51513 | Depths:1 | Identified the -4 pair of gloves "Nysuud" {Int+4} (You acquired it on level 1 of the Depths)
 51554 | Depths:1 | Found a deep blue altar of Sif Muna.
 52386 | Depths:2 | Found a runed door.
 52453 | Depths:2 | Noticed a golden dragon
 52771 | Depths:2 | Killed a golden dragon
 52837 | Depths:2 | Reached skill level 25 in Fighting
 53941 | Depths:2 | Received a gift from Okawaru
 54485 | Depths:2 | Reached XP level 23. HP: 170/170 MP: 28/28
 54565 | Depths:2 | Noticed a caustic shrike
 54574 | Depths:2 | Killed a caustic shrike
 54951 | Depths:2 | Identified a +2 pair of boots of running (You found it on level 2 of the Depths)
 55025 | Depths:2 | Noticed a golden dragon
 55042 | Depths:2 | Killed a golden dragon
 55178 | Depths:2 | Got a crude amber ring
 55182 | Depths:2 | Identified Sif Muna's Almanac of Confrontation and Boosts
 55349 | Depths:3 | Found a gateway to a ziggurat.
 56660 | Depths:3 | Identified the ring of the Magpie {MR+ Str+9 Slay+5 Stlth-} (You found it on level 2 of the Depths)
 57142 | Depths:3 | Received a gift from Okawaru
 57336 | Depths:4 | Found the +3 mace of Variability {chaos}
 57907 | Depths:4 | Received a gift from Okawaru
 57908 | Depths:4 | Got steaming storm dragon scales {god gift}
 58086 | Depths:4 | Reached XP level 24. HP: 178/178 MP: 29/29
 58426 | Depths:4 | Reached skill level 26 in Fighting
 58783 | Depths:4 | Found a one-way gate to the infinite horrors of the Abyss.
 58790 | Depths:4 | Noticed Louise
 58799 | Depths:4 | Killed Louise
 59163 | Depths:5 | Entered Level 5 of the Depths
 60094 | Depths:5 | Received a gift from Okawaru
 60129 | Depths:5 | Got a spiked shield {god gift}
 60130 | Depths:5 | Identified the +9 shield of Behink {rC+ Str-4 SInv} (Okawaru gifted it to you on level 5 of the Depths)
 61002 | Depths:5 | Found a gate to the Realm of Zot.
 61307 | Vaults:5 | Entered Level 5 of the Vaults
 61404 | Vaults:5 | Received a gift from Okawaru
 61625 | Vaults:5 | Reached XP level 25. HP: 159/185 MP: 28/29
 62042 | Vaults:5 | Noticed an ancient lich
 62050 | Vaults:5 | Killed an ancient lich
 62238 | Vaults:5 | Reached skill level 27 in Fighting
 62310 | Vaults:5 | Received a gift from Okawaru
 62795 | Vaults:5 | Received a gift from Okawaru
 63017 | Vaults:5 | Reached skill level 1 in Dodging
 63270 | Vaults:5 | Identified the Catalogue of the Oath and the Arsonist
 63289 | Vaults:5 | Got a silver rune of Zot
 63768 | Zot:1    | Entered Level 1 of the Realm of Zot
 64086 | Zot:1    | Noticed a Killer Klown
 64180 | Zot:1    | Killed a Killer Klown
 64257 | Zot:1    | Received a gift from Okawaru
 64342 | Zot:1    | Reached XP level 26. HP: 180/193 MP: 29/29
 64927 | Zot:1    | Reached skill level 5 in Dodging
 66126 | Zot:3    | Received a gift from Okawaru
 66488 | Zot:2    | Paulus: good luck
 66590 | Zot:2    | Noticed an orb of fire
 66605 | Zot:2    | Paulus: well....
 66619 | Zot:2    | Paulus: I know your pain....
 66663 | Zot:2    | Killed an orb of fire
 66667 | Zot:2    | Paulus: scroll of tele?
 66945 | Zot:3    | Paulus: wow
 66945 | Zot:3    | Paulus: you can doit
 66984 | Zot:4    | Reached XP level 27. HP: 176/199 MP: 27/29
 67470 | Zot:4    | Found a transporter.
 67641 | Zot:4    | Found a transporter.
 67649 | Zot:5    | Entered Level 5 of the Realm of Zot
 67839 | Zot:5    | Received a gift from Okawaru
 67906 | Zot:5    | Noticed an orb of fire
 67908 | Zot:5    | Noticed an ancient lich
 67909 | Zot:5    | Gained mutation: You occasionally shout uncontrollably at your foes. [an orb of fire]
 67910 | Zot:5    | Noticed an orb of fire
 67925 | Zot:5    | Gained mutation: Potions are less effective at restoring your health. [an orb of fire]
 67928 | Zot:5    | Gained mutation: You are occasionally teleported next to monsters. [an orb of fire]
 67930 | Zot:5    | Killed an orb of fire
 67957 | Zot:5    | Killed an orb of fire
 67975 | Zot:5    | Noticed an ancient lich
 67986 | Zot:5    | Killed from afar by an ancient lich

Vault maps used:
D:1:      moated_graveyard_arrival
D:2:      amethyst_killhole, nrook_loot_triangle
D:5:      first_ration, kennysheep_generic_room_9, uniq_edmund
D:6:      minmay_temple_entry_statues_fountains, doesnt_xom_only_xom
D:7:      lemuel_bear_cage
D:8:      vehumet_statue, chequers_temple_overflow_minitemple, serial_shops,
          nicolae_shop_statue_plus, special_room, uniq_prince_ribbit1
D:9:      wad_crossroads, nicolae_qazlal_eye_of_the_storm, kennysheep_mini_moat
D:10:     orc_0_dummy, serial_shops, shop, uniq_nergalle, uniq_maurice,
          uniq_gastronok
D:11:     david_lair_shrubbed
D:12:     minmay_blocking_statues, grunt_ministairs_6
D:13:     erik_vaults_1, hangedman_stone_soup
D:14:     enter_bailey_2, kb_tengu_band
D:15:     gammafunk_depths_entry_grave,
          hangedman_abyss_or_decor_jellyfish_corner, enter_trove_0,
          guppyfry_shop_earth, uniq_agnes
Temple:   compressed_dpeg_circular_temple
Lair:2:   swamp_mist, uniq_sonja
Lair:3:   infiniplex_staircase_pool_2
Lair:4:   minmay_snake_entry_six_corridors, minmay_lair_oklob_chamber
Lair:5:   slime_dummy, basic_altar
Lair:6:   evilmike_catoblepas_cave, serial_bayou_pond_d, grunt_megastairs_2
Swamp:1:  evilmike_swamp_ruin_house_3, uniq_roxanne
Swamp:2:  evilmike_swamp_ruin_house_1
Swamp:3:  evilmike_swamp_ruin_house_4, swamp_pool5, st_swamp_ruins_4
Swamp:4:  grunt_swamp_rune_castle
Snake:1:  basic_altar, uniq_donald
Snake:2:  dpeg_oklob_gauntlet, serial_shops, nicolae_shop_crystal, uniq_kirke,
          uniq_jorgrun, uniq_aizul
Snake:3:  serial_shops, nicolae_shop_behind_doors, spider_trap,
          basic_stair_grate_trap, serial_bayou_shore_b
Snake:4:  snake_pit, fake_guardian_serpent_vault, basic_stair_grate_trap,
          uniq_nikola, uniq_asterion
Orc:1:    nicolae_orc_stony_grotto, trog_hazing_becter, uniq_erica
Orc:2:    grunt_orc_cross
Vaults:1: v_misc_33, vaults_mumra_chevron, nicolae_vaults_network_periphery,
          vaults_dpeg_hooks, ontoclasm_vaults_misaligned, v_misc_15,
          nicolae_vaults_border_crossing, vaults_room_semicircle,
          grunt_vaults_funnel, ontoclasm_vaults_spin, serial_shops,
          bzr_entry_customers
Vaults:2: v_pattern_4, minmay_crypt_entry_simple_sparse,
          vaults_room_fancy_cross, vaults_room_hangedman_quadrants,
          hangedman_vaults_nails, v_alt_pattern_2, grunt_vaults_hallway_short,
          vaults_room_pool, basic_altar
Vaults:3: vaults_dpeg_diagonal, vaults_room_pools, v_alt_pattern_5,
          vaults_standard_mumra_lines, ontoclasm_vaults_ring_square,
          ontoclasm_vaults_claustrophobia, v_misc_2,
          nicolae_vaults_specimen_jars, v_misc_8, ontoclasm_vaults_ring_large
Vaults:4: ontoclasm_vaults_loading_screen, v_misc_18,
          nicolae_vaults_branching_niches, nicolae_vaults_mini_display_case,
          v_misc_1, vaults_room_fours, v_misc_9, vaults_dpeg_ring,
          nicolae_vaults_gold_heap, dpeg_vaults_monster_box, serial_shops, shop,
          uniq_xtahua
Vaults:5: serial_shops
Depths:1: nicolae_wwwww, hell_entry, rand_demon_pan_entry_7, st_stairs_8,
          grunt_ministairs_4, glass_columns_b, hangedman_summoners_spam
Depths:2: box_level_dp, hell_entry
Depths:3: minmay_eyes, enter_ziggurat_c, hell_entry, rand_demon_pan_entry_3
Depths:4: minmay_curly_fans, nicolae_abyss_entry_one_way_or_another,
          minmay_stone_trees_large, hell_entry, nrook_pool_corridor
Depths:5: grunt_zot_entry_gee_three, minmay_misc_feat_encased, hell_entry
Zot:1:    grunt_deathspiral_small
Zot:3:    bh_zot_ikea_curve, grunt_ministairs_13, lemuel_lich_library
Zot:4:    gammafunk_its_a_trap
Abyss:3:  bh_abyss_exit_grid
Bazaar:   bazaar_jpeg_ninerooms_1

Skill      XL: |  1  2  3  4  5  6  7  8  9 10 11 12 13 14 15 16 17 18 19 20 21 22 23 24 25 26 27 |
---------------+----------------------------------------------------------------------------------+-----
Fighting       | 4 5 6 7 8 9 10 12 13 14 16 17 19 20 21 23 24 25 26 27 | 27.0
Maces & Flails | 3 4 5 6 8 10 11 12 | 12.1
Shields        | 4 5 6 8 9 10 12 13 14 15 16 17 18 19 20 21 22 23 24 25 | 25.4
Armour         | 7 10 12 13 14 15 16 17 18 19 20 21 22 23 24 25 | 25.2
Invocations    | 6 7 8 |  8.0
Dodging        | 3 8 9 |  9.7

Action                   |  1- 3 |  4- 6 |  7- 9 | 10-12 | 13-15 | 16-18 | 19-21 | 22-24 | 25-27 || total
-------------------------+-------+-------+-------+-------+-------+-------+-------+-------+-------++-------
Melee: Flail             |   139 |   181 |       |       |       |       |       |       |       ||   320
       Morningstar       |       |    45 |   458 |   979 |  1826 |       |       |       |       ||  3308
       Demon whip        |       |       |       |       |   285 |  1480 |  1780 |  1793 |  1509 ||  6847
Throw: Stone             |    36 |    55 |   113 |   320 |   626 |   900 |   561 |   719 |   418 ||  3748
       Tomahawk          |       |       |       |    50 |       |       |       |       |       ||    50
       Javelin           |       |       |       |       |    25 |    16 |       |       |       ||    41
Invok: Heroism           |       |       |     2 |     3 |     4 |     3 |    11 |     6 |     5 ||    34
       Finesse           |       |       |       |       |     4 |     1 |     7 |     6 |     4 ||    22
 Abil: Fly               |       |       |       |       |     1 |       |       |       |       ||     1
Evoke: Phial of floods   |       |       |       |       |       |     2 |     1 |       |       ||     3
  Use: Scroll            |       |       |     3 |     4 |    11 |    21 |     4 |    20 |    11 ||    74
       Potion            |       |       |       |     1 |     4 |       |     1 |       |     4 ||    10
 Stab: Confused          |       |       |       |       |       |     1 |       |     1 |     2 ||     4
       Distracted        |       |       |       |       |       |       |       |     1 |       ||     1
  Eat: Chunk             |     2 |     6 |    10 |    32 |    45 |    23 |    25 |    30 |     9 ||   182
       Ration            |       |       |     1 |     1 |       |     5 |     2 |     2 |     3 ||    14
Armor: Scale mail        |    68 |   109 |       |       |       |       |       |       |       ||   177
       Chain mail        |       |    42 |   100 |       |       |       |       |       |       ||   142
       Plate armour      |       |       |   159 |   524 |  1460 |   715 |    80 |       |       ||  2938
       Crystal plate arm |       |       |       |       |       |       |   676 |   586 |   684 ||  1946
Dodge: Dodged            |    44 |    86 |    79 |   146 |   484 |   233 |   240 |   155 |   302 ||  1769
Block: Shield            |    70 |   142 |   284 |   529 |  1636 |   876 |   947 |   207 |       ||  4691
       Reflection        |       |       |       |       |       |   104 |   138 |   132 |    77 ||   451
       Large shield      |       |       |       |       |       |       |       |  1209 |  1866 ||  3075

Table legend:
 A = Spawn XP
 B = Non-spawn XP
 C = Spawn XP percentage of total XP
 D = Spawn monster count
 E = Non-spawn monster count
 F = Spawn count percentage of total count
 G = Total turns spent on level
                    A         B        C        D         E        F      G
               +---------+---------+-------+---------+---------+-------+---------
         Total |    8606 | 1324723 |   0.6 |      17 |    2157 |   0.8 | 67986
               +---------+---------+-------+---------+---------+-------+---------
           D:1 |       0 |      43 |   0.0 |       0 |      23 |   0.0 |   844
           D:2 |       0 |      50 |   0.0 |       0 |      19 |   0.0 |  1078
           D:3 |       0 |     338 |   0.0 |       0 |      36 |   0.0 |  1103
           D:4 |       0 |     309 |   0.0 |       0 |      16 |   0.0 |   517
           D:5 |       0 |     675 |   0.0 |       0 |      10 |   0.0 |  1009
           D:6 |       0 |    1157 |   0.0 |       0 |      20 |   0.0 |  1130
           D:7 |       0 |    2775 |   0.0 |       0 |      58 |   0.0 |  1486
           D:8 |       0 |    1413 |   0.0 |       0 |      56 |   0.0 |  1339
           D:9 |       0 |    2795 |   0.0 |       0 |      38 |   0.0 |  1061
          D:10 |       0 |    5532 |   0.0 |       0 |      32 |   0.0 |  1448
          D:11 |       0 |    6058 |   0.0 |       0 |      35 |   0.0 |  2312
          D:12 |       0 |   10820 |   0.0 |       0 |      45 |   0.0 |  1562
          D:13 |       0 |    9258 |   0.0 |       0 |      26 |   0.0 |  1081
          D:14 |       0 |    8720 |   0.0 |       0 |      37 |   0.0 |  1234
          D:15 |       0 |   21182 |   0.0 |       0 |      44 |   0.0 |  1699
        Lair:1 |       0 |    1184 |   0.0 |       0 |       8 |   0.0 |   725
        Lair:2 |       0 |    7084 |   0.0 |       0 |      30 |   0.0 |  1397
        Lair:3 |       0 |    5176 |   0.0 |       0 |      19 |   0.0 |  1166
        Lair:4 |       0 |    6232 |   0.0 |       0 |      28 |   0.0 |  1091
        Lair:5 |       0 |    8482 |   0.0 |       0 |      35 |   0.0 |  1075
        Lair:6 |       0 |   19753 |   0.0 |       0 |      53 |   0.0 |  1977
       Swamp:1 |       0 |   10481 |   0.0 |       0 |      23 |   0.0 |  1245
       Swamp:2 |       0 |   17125 |   0.0 |       0 |      41 |   0.0 |  1310
       Swamp:3 |       0 |   15485 |   0.0 |       0 |      39 |   0.0 |  1111
       Swamp:4 |       0 |   34787 |   0.0 |       0 |      62 |   0.0 |  1602
       Snake:1 |       0 |   20948 |   0.0 |       0 |      35 |   0.0 |  1665
       Snake:2 |       0 |   22093 |   0.0 |       0 |      33 |   0.0 |  1139
       Snake:3 |       0 |   21425 |   0.0 |       0 |      36 |   0.0 |  1712
       Snake:4 |       0 |   63851 |   0.0 |       0 |      98 |   0.0 |  2132
         Orc:1 |       0 |    4931 |   0.0 |       0 |      37 |   0.0 |  1717
         Orc:2 |       0 |   12450 |   0.0 |       0 |      76 |   0.0 |  1793
      Vaults:1 |       0 |   26609 |   0.0 |       0 |      56 |   0.0 |  1614
      Vaults:2 |       0 |   38608 |   0.0 |       0 |      59 |   0.0 |  1829
      Vaults:3 |       0 |   46426 |   0.0 |       0 |      75 |   0.0 |  1850
      Vaults:4 |       0 |  101455 |   0.0 |       0 |     115 |   0.0 |  2127
      Vaults:5 |       0 |  129948 |   0.0 |       0 |     118 |   0.0 |  2157
      Depths:1 |       0 |   66078 |   0.0 |       0 |      85 |   0.0 |  2248
      Depths:2 |       0 |   98819 |   0.0 |       0 |     111 |   0.0 |  3079
      Depths:3 |       0 |   49848 |   0.0 |       0 |      69 |   0.0 |  2015
      Depths:4 |       0 |   62948 |   0.0 |       0 |      64 |   0.0 |  2183
      Depths:5 |       0 |   71590 |   0.0 |       0 |      72 |   0.0 |  1618
         Zot:1 |       0 |   87259 |   0.0 |       0 |      55 |   0.0 |  1588
         Zot:2 |       0 |   79406 |   0.0 |       0 |      41 |   0.0 |   606
         Zot:3 |       0 |   31598 |   0.0 |       0 |      20 |   0.0 |   988
         Zot:4 |       0 |   35464 |   0.0 |       0 |      24 |   0.0 |   699
         Zot:5 |       0 |   41805 |   0.0 |       0 |      14 |   0.0 |   337
       Abyss:1 |    1183 |    2700 |  30.5 |       3 |       7 |  30.0 |   302
       Abyss:2 |    3848 |   11048 |  25.8 |       6 |      22 |  21.4 |   646
       Abyss:3 |    3575 |     502 |  87.7 |       8 |       2 |  80.0 |   128
               +---------+---------+-------+---------+---------+-------+---------
